Map: Fortitude LE

Players

Shrimpsiumai

  • Race: Zerg Zerg

ALCHEMIC

  • Race: Protoss Protoss

Avarice

  • Race: Protoss Protoss

Archonic

  • Race: Protoss Protoss
  • League: Platinum

BillySlater - Winner!

  • Race: Protoss Protoss

BestPlayer - Winner!

  • Race: Protoss Protoss
  • League: Gold

RobbinYaHood - Winner!

  • Race: Zerg Zerg

Aldacratz - Winner!

  • Race: Protoss Protoss

VOD

Have the link to the VOD?

Description

Bunch of homophobic racists. Just uploading to try to highlight how problematic ladder is becoming when reports go unanswered.

Time

  • Played on: Jan. 31, 2022, 11:57 p.m.
  • Length: 6:27
Show
View Real Time Build Order
Export as new Build Order

Shrimpsiumai Zerg 

Build Orders: Hatch First 

Get SALT Encoding   

  12  0:01  Drone  
  13  0:18  Drone  
  14  0:25  Extractor x2, Drone x2  
  16  0:47  Hatchery  
  15  0:53  Overlord  
  18  1:11  Drone x3  
  18  1:22  Drone  
  19  1:33  Extractor  
  19  1:35  Drone  
  19  1:43  Spawning Pool  
  19  1:46  Overlord  
  18  1:54  Drone  
  19  2:02  Drone  
  20  2:09  Drone  
  20  2:14  Drone  
  22  2:16  Drone  
  22  2:20  Drone  
  24  2:26  Drone  
  25  2:30  Queen x2  
  25  2:31  Drone  
  30  2:37  Drone  
  30  2:38  Evolution Chamber  
  30  2:42  Drone  
  31  2:48  Drone  
  32  2:53  Drone  
  33  3:01  Overlord  
  33  3:03  Zerg Missile Weapons Level 1  
  33  3:13  Lair  
  33  3:23  Drone  
  33  3:24  Drone x3  
  37  3:28  Drone  
  37  3:31  Drone  
  39  3:35  Drone  
  40  3:43  Overlord  
  40  3:50  Drone  
  40  3:52  Extractor  
  40  3:54  Extractor x2  
  40  3:55  Drone  
  39  3:56  Drone x5  
  39  4:00  Overlord  
  45  4:10  Drone x2  
  46  4:24  Drone  
  46  4:25  Infestation Pit  
  46  4:27  Spore Crawler  
  43  4:34  Queen  
  43  4:36  Queen  
  43  4:38  Spore Crawler  
  42  4:40  Overseer x2  
Show
View Real Time Build Order
Export as new Build Order

ALCHEMIC Protoss 

Build Orders: Nexus First, Phoenix Opening 

Get SALT Encoding   

  12  0:05  Probe  
  13  0:17  Pylon  
  13  0:20  Probe  
  14  0:32  Probe (Chrono Boost)  
  16  0:44  Probe (Chrono Boost)  
  16  0:58  Nexus  
  16  1:08  Gateway  
  16  1:13  Assimilator  
  16  1:18  Assimilator  
  16  1:22  Probe (Chrono Boost)  
  18  1:34  Probe (Chrono Boost)  
  18  1:39  Probe (Chrono Boost)  
  19  1:48  Probe  
  20  1:55  Cybernetics Core  
  20  2:01  Probe (Chrono Boost)  
  21  2:04  Pylon  
  21  2:10  Probe (Chrono Boost)  
  21  2:13  Probe (Chrono Boost)  
  23  2:20  Probe (Chrono Boost)  
  23  2:21  Probe (Chrono Boost)  
  25  2:25  Probe (Chrono Boost)  
  25  2:27  Probe  
  27  2:35  Stargate  
  27  2:37  Probe  
  28  2:45  Stargate  
  28  2:48  Probe  
  28  2:49  Probe  
  30  2:55  Shield Battery  
  30  3:00  Probe  
  30  3:01  Probe  
  32  3:11  Assimilator  
  33  3:13  Probe (Chrono Boost)  
  33  3:14  Probe (Chrono Boost)  
  33  3:15  Assimilator  
  34  3:24  Phoenix, Probe (Chrono Boost)  
  34  3:25  Probe (Chrono Boost)  
  38  3:30  Phoenix, Probe (Chrono Boost)  
  41  3:35  Pylon  
  41  3:39  Probe x2  
  43  3:51  Probe x2  
  43  3:55  Phoenix  
  47  4:03  Probe x2  
  47  4:06  Phoenix  
  51  4:15  Probe x2  
  50  4:27  Probe  
Show
View Real Time Build Order
Export as new Build Order

Avarice Protoss 

Build Orders: Nexus First 

Get SALT Encoding   

  12  0:01  Probe  
  13  0:13  Probe  
  14  0:25  Probe  
  15  0:31  Pylon  
  15  0:49  Probe  
  16  1:02  Probe  
  16  1:03  Nexus  
  17  1:14  Probe  
  18  1:26  Probe  
  19  1:37  Assimilator  
  19  1:38  Probe  
  20  1:42  Assimilator  
  20  1:55  Probe (Chrono Boost)  
  21  2:04  Probe (Chrono Boost)  
  22  2:09  Probe (Chrono Boost)  
  22  2:14  Gateway  
  22  2:15  Forge  
  23  2:21  Probe (Chrono Boost)  
  25  2:32  Probe (Chrono Boost)  
  25  2:33  Probe (Chrono Boost)  
  26  2:39  Probe (Chrono Boost)  
  26  2:40  Probe (Chrono Boost)  
  28  2:45  Nexus  
  28  2:49  Probe  
  30  2:51  Probe  
  30  3:01  Probe (Chrono Boost)  
  30  3:04  Probe (Chrono Boost)  
  32  3:11  Assimilator  
  33  3:13  Probe (Chrono Boost)  
  33  3:15  Probe (Chrono Boost)  
  33  3:17  Assimilator  
  33  3:18  Probe (Chrono Boost)  
  33  3:19  Probe (Chrono Boost)  
  35  3:20  Cybernetics Core  
  35  3:24  Pylon  
  36  3:27  Probe  
  36  3:29  Probe  
  38  3:42  Probe x2  
  40  3:49  Pylon  
  40  3:54  Probe x2 (Chrono Boost)  
  41  4:02  Stargate x2  
  41  4:06  Pylon, Probe (Chrono Boost)  
  41  4:07  Probe (Chrono Boost)  
  43  4:15  Probe x2 (Chrono Boost)  
  45  4:20  Probe  
  45  4:22  Photon Cannon, Probe  
  47  4:25  Pylon  
  45  4:33  Pylon  
  45  4:37  Pylon  
  44  4:41  Void Ray x2 (Chrono Boost)  
Show
View Real Time Build Order
Export as new Build Order

Archonic Protoss 

Build Orders:  

Get SALT Encoding   

  12  0:00  Probe  
  13  0:13  Probe  
  14  0:23  Pylon  
  14  0:25  Probe  
  15  0:41  Gateway, Probe  
  16  0:53  Probe (Chrono Boost)  
  16  0:55  Assimilator  
  18  1:05  Probe (Chrono Boost)  
  18  1:10  Probe (Chrono Boost)  
  19  1:19  Probe  
  19  1:20  Assimilator  
  20  1:28  Cybernetics Core  
  20  1:37  Pylon, Probe  
  21  1:49  Probe  
  22  2:01  Probe  
  22  2:06  Stargate  
  23  2:18  Nexus  
  23  2:22  Probe  
  24  2:34  Probe  
  24  2:36  Pylon  
  25  2:40  Protoss Air Weapons Level 1 (Chrono Boost)  
  25  2:41  Void Ray (Chrono Boost)  
  29  2:57  Probe  
  30  3:11  Void Ray  
  30  3:16  Probe  
  35  3:29  Assimilator  
  35  3:30  Pylon  
  35  3:31  Probe (Chrono Boost)  
  35  3:32  Probe (Chrono Boost)  
  35  3:33  Assimilator  
  37  3:40  Probe (Chrono Boost)  
  38  3:45  Probe (Chrono Boost)  
  38  3:46  Probe  
  40  3:49  Stargate  
  40  3:58  Void Ray (Chrono Boost)  
  44  4:14  Pylon  
  35  4:25  Void Ray (Chrono Boost)  
Show
View Real Time Build Order
Export as new Build Order

BillySlater Protoss - Winner!

Build Orders: Dark Templar Rush 

Get SALT Encoding   

  12  0:01  Probe  
  13  0:14  Pylon  
  13  0:17  Probe  
  14  0:30  Probe  
  14  0:35  Gateway  
  15  0:42  Probe (Chrono Boost)  
  16  0:46  Assimilator  
  16  0:54  Probe (Chrono Boost)  
  16  0:55  Assimilator  
  17  1:00  Probe (Chrono Boost)  
  18  1:08  Probe (Chrono Boost)  
  20  1:19  Probe (Chrono Boost)  
  20  1:23  Cybernetics Core  
  20  1:24  Probe (Chrono Boost)  
  21  1:34  Probe  
  22  1:41  Pylon  
  22  1:51  Probe  
  23  2:02  Warp Gate (Chrono Boost)  
  23  2:03  Twilight Council, Probe  
  24  2:15  Probe  
  24  2:19  Pylon  
  25  2:28  Pylon, Probe  
  26  2:40  Dark Shrine  
  26  2:41  Gateway  
  26  2:48  Gateway  
  26  3:05  Gateway  
  26  3:07  Probe  
  27  3:19  Probe  
  28  3:43  Forge  
  28  3:57  Dark Templar x3  
  34  4:04  Dark Templar  
  36  4:43  Probe  
  36  4:44  Dark Templar x2  
  41  5:00  Probe  
  42  5:07  Nexus  
  42  5:09  Pylon  
  42  5:11  Pylon  
  42  5:12  Probe  
  43  5:14  Assimilator  
  43  5:18  Assimilator  
  43  5:24  Probe  
  44  5:36  Probe  
  45  5:48  Probe  
  44  5:58  Dark Templar x3  
  44  5:59  Zealot  
  44  6:00  Probe  
  53  6:13  Probe  
Show
View Real Time Build Order
Export as new Build Order

BestPlayer Protoss - Winner!

Build Orders: Phoenix Opening, Mass Phoenix 

Get SALT Encoding   

  12  0:00  Probe  
  13  0:13  Probe  
  14  0:25  Probe  
  15  0:30  Pylon  
  15  0:48  Probe  
  16  0:50  Gateway  
  16  1:01  Probe (Chrono Boost)  
  16  1:03  Assimilator  
  17  1:05  Assimilator  
  17  1:10  Probe (Chrono Boost)  
  18  1:15  Probe (Chrono Boost)  
  19  1:27  Probe  
  20  1:38  Cybernetics Core  
  20  1:39  Probe (Chrono Boost)  
  21  1:49  Probe (Chrono Boost)  
  22  1:54  Probe (Chrono Boost)  
  22  1:57  Nexus  
  23  2:08  Pylon  
  23  2:26  Probe  
  23  2:27  Stargate  
  24  2:31  Stargate  
  24  2:38  Probe (Chrono Boost)  
  24  2:43  Forge  
  25  2:50  Probe (Chrono Boost)  
  26  2:57  Probe (Chrono Boost)  
  27  3:07  Probe (Chrono Boost)  
  27  3:09  Probe (Chrono Boost)  
  29  3:14  Phoenix  
  29  3:19  Probe (Chrono Boost)  
  33  3:20  Probe (Chrono Boost)  
  33  3:22  Phoenix  
  33  3:24  Probe (Chrono Boost)  
  36  3:29  Probe  
  37  3:35  Probe  
  37  3:39  Phoenix  
  40  3:42  Pylon  
  40  3:50  Phoenix  
  42  4:04  Phoenix  
  42  4:05  Probe (Chrono Boost)  
  42  4:06  Probe (Chrono Boost)  
  42  4:08  Pylon  
  46  4:10  Assimilator  
  46  4:16  Assimilator  
  47  4:18  Probe (Chrono Boost)  
  47  4:23  Probe (Chrono Boost)  
  48  4:25  Probe (Chrono Boost)  
  48  4:29  Phoenix  
  51  4:32  Probe  
  53  4:38  Probe  
  53  4:44  Probe  
  54  4:50  Phoenix, Probe  
  57  4:54  Phoenix  
  57  4:56  Probe  
  60  5:08  Probe  
  61  5:23  Pylon  
  61  5:26  Pylon  
  61  5:36  Fleet Beacon  
  61  5:41  Phoenix  
  63  5:53  Phoenix  
Show
View Real Time Build Order
Export as new Build Order

RobbinYaHood Zerg - Winner!

Build Orders: Pool First 

Get SALT Encoding   

  12  0:05  Drone  
  13  0:08  Drone  
  14  0:21  Extractor  
  13  0:22  Drone  
  13  0:24  Extractor, Drone  
  16  0:38  Spawning Pool  
  15  0:56  Extractor  
  14  1:02  Hatchery  
  13  1:08  Overlord  
  13  1:13  Drone  
  14  1:26  Queen  
  14  1:31  Zergling x2  
  17  1:39  Drone  
  18  1:48  Drone x2  
  20  1:56  Drone  
  21  2:06  Drone  
  21  2:07  Metabolic Boost  
  22  2:16  Queen  
  24  2:23  Overlord  
  24  2:31  Drone x2  
  26  2:39  Drone x2  
  26  2:44  Drone x2  
  30  2:50  Drone x2  
  32  2:59  Lair  
  32  3:02  Drone  
  33  3:10  Drone x2  
  33  3:11  Drone  
  36  3:16  Overlord  
  36  3:32  Overlord  
  36  3:34  Extractor, Queen  
  36  3:36  Drone  
  36  3:37  Drone x2  
  40  3:44  Spore Crawler  
  40  3:46  Zergling x4  
  41  4:02  Queen  
  43  4:09  Drone x2  
  46  4:10  Drone x5  
  50  4:23  Overseer  
  50  4:28  Drone, Overlord  
  50  4:29  Spire  
  50  4:33  Extractor  
  49  4:38  Drone  
  49  4:39  Drone x2  
  49  4:45  Overlord  
  52  4:53  Spire  
  51  5:00  Drone  
  51  5:01  Drone x4, Baneling Nest  
  55  5:12  Extractor  
  54  5:17  Drone  
  54  5:18  Drone  
  54  5:20  Overseer  
  56  5:39  Drone x6  
  62  5:45  Hatchery  
  61  5:56  Drone x4  
  65  6:02  Drone  
  66  6:05  Overlord  
Show
View Real Time Build Order
Export as new Build Order

Aldacratz Protoss - Winner!

Build Orders: Blink Stalkers 

Get SALT Encoding   

  12  0:00  Probe  
  13  0:12  Probe  
  14  0:20  Pylon  
  14  0:25  Probe  
  15  0:40  Probe  
  16  0:44  Gateway  
  16  0:52  Probe  
  17  1:04  Probe (Chrono Boost)  
  17  1:06  Assimilator  
  18  1:16  Probe (Chrono Boost)  
  19  1:21  Gateway  
  19  1:22  Probe (Chrono Boost)  
  20  1:33  Cybernetics Core  
  20  1:34  Probe  
  20  1:37  Pylon  
  21  1:40  Assimilator  
  21  1:46  Probe  
  22  1:58  Probe  
  23  2:10  Stalker, Probe  
  23  2:11  Stalker  
  28  2:19  Warp Gate (Chrono Boost)  
  28  2:21  Gateway x2  
  28  2:36  Probe  
  29  2:44  Robotics Facility  
  29  3:03  Twilight Council  
  29  3:06  Pylon  
  29  3:08  Stalker  
  31  3:26  Nexus  
  31  3:29  Blink  
  31  3:50  Warp Prism (Chrono Boost)  
  33  4:40  Probe x2  
  33  4:44  Stalker x3  
  33  4:45  Stalker  
  43  4:52  Probe  
  44  5:08  Stalker x4  
  52  5:43  Stalker  
  52  5:49  Pylon  
  54  5:50  Pylon  
  54  5:52  Pylon  
Tags
 
Add a new tag
Caveats
  • Supply blocks, unpowered buildings, or Contaminate may cause inaccurate times.
  • Supply counts are checked every 10 seconds.